 Dungeon Crawl Stone Soup version 0.24-a0-114-g5d539f0 (webtiles) character file.

Game seed: 5273339973436042900

9 LordEnrai the Chopper (level 2, 0/27 HPs)
             Began as a Deep Dwarf Berserker on Feb 15, 2019.
             Was a Follower of Trog.
             Slain by a hobgoblin
             ... wielding a +0 club
              (5 damage)
             ... on level 1 of the Dungeon.
             The game lasted 00:00:42 (225 turns).

LordEnrai the Chopper (Deep Dwarf Berserker)         Turns: 225, Time: 00:00:43

Health: 0/27       AC:  2    Str: 20    XL:     2   Next: 6%
Magic:  2/2        EV: 12    Int:  7    God:    Trog [*.....]
Gold:   11         SH:  0    Dex: 12    Spells: 1/1 levels left

rFire    . . .     SeeInvis .   a - +0 hand axe
rCold    . . .     Gourm    .   (no shield)
rNeg     . . .     Faith    .   b - +0 animal skin
rPois    .         Spirit   .   (no helmet)
rElec    .         Reflect  .   (no cloak)
rCorr    .         Harm     .   (no gloves)
MR       .....                  (no boots)
Stlth    +.........             (no amulet)
HPRegen  0.00/turn              (no ring)
MPRegen  0.08/turn              (no ring)

@: very slightly contaminated, non-regenerating
A: damage resistance, heal wounds, sense surroundings 1, no regeneration
a: Heal Wounds, Berserk, Renounce Religion


You were on level 1 of the Dungeon.
You worshipped Trog.
Trog was aware of your devotion.
You were not hungry.

You visited 1 branch of the dungeon, and saw 1 of its levels.

You collected 11 gold pieces.

Inventory:

Hand Weapons
 a - a +0 hand axe (weapon)
Armour
 b - a +0 animal skin (worn)
Comestibles
 c - a ration


   Skills:
 + Level 2.9 Fighting
 + Level 3.5 Axes
 + Level 2.2 Armour
 + Level 2.4 Dodging


You had one spell level left.
You didn't know any spells.
Your spell library was empty.

Dungeon Overview and Level Annotations

Branches:
Dungeon (1/15)

Altars:


Innate Abilities, Weirdness & Mutations

You are resistant to damage.
You can heal yourself by infusing magical energy.
You passively map a small area around you.
You do not regenerate.


Message History

You feel blessed for a moment.
It was a scroll of remove curse.
As you open the door, it creaks loudly!
A hobgoblin comes into view. It is wielding a +0 club.
There is an open door here.
The hobgoblin shouts!
You hear a shout!
You flicker for a moment.
A dart slug comes into view.
A hobgoblin comes into view. It is wielding a +0 club.
The hobgoblin misses you.
You closely miss the hobgoblin. The hobgoblin closely misses you.
You barely miss the hobgoblin. The hobgoblin hits you with a +0 club.
* * * LOW HITPOINT WARNING * * *
You hit the hobgoblin.
The hobgoblin is severely wounded.
You barely miss the hobgoblin.
You flicker back into view.
The hobgoblin barely misses you. The hobgoblin hits you with a +0 club.
* * * LOW HITPOINT WARNING * * *
The hobgoblin hits you with a +0 club!
You die...

........ , *#.## *
#.#####. ...# * #. , * *
#..# *,, #. , * ##..# , *
#. , ,, ,... ,, #> ,
########.# #######+## #.
,
.........####........###.
* #..gg@...'........)...
.....w...####.........##.
, , , ...#.#####
#.........##. * # ,#,
#.........##.
#....).....#. ***
#........#.#. , , ,
#........#... *
###########.. ,, #..


You could see a dart slug and 2 hobgoblins.

Vanquished Creatures
  A dart slug (D:1)
  A bat (D:1)
  A goblin (D:1)
  2 hobgoblins (D:1)
  A kobold (D:1)
6 creatures vanquished.

Notes
Turn   | Place    | Note
-------+----------+-------------------------------------------
     0 | D:1      | LordEnrai the Deep Dwarf Berserker began the quest for the
                  | Orb.
     0 | D:1      | Reached XP level 1. HP: 20/20 MP: 1/1
   181 | D:1      | Reached XP level 2. HP: 10/27 MP: 2/2
   225 | D:1      | Slain by a hobgoblin

Levels and vault maps discovered:
D:1:      psy_arrival_terrarium, layout_basic, lexackson_kobold_supper

Action                   || total
-------------------------++-------
Melee: Hand axe          ||    30
  Use: Scroll            ||     1
       Potion            ||     1
Armor: Animal skin       ||     8
Dodge: Dodged            ||    22

Table legend:
 A = Non-vault XP
 B = Vault XP
 C = Vault XP percentage of total XP
 D = Non-vault monster count
 E = Vault monster count
 F = Vault count percentage of total count
                 A         B        C        D         E       F
            +---------+---------+-------+---------+---------+-------
      Total |      14 |       0 |   0.0 |       6 |       0 |   0.0
            +---------+---------+-------+---------+---------+-------
        D:1 |      14 |       0 |   0.0 |       6 |       0 |   0.0
            +---------+---------+-------+---------+---------+-------
